 Dungeon Crawl Stone Soup version 0.18-a0-750-g37044d6 (webtiles) character file.

214322 xeno23 the Black Belt (level 19, -7/131 HPs)
             Began as a Human Monk on Dec 10, 2015.
             Was the Champion of Ru.
             Killed from afar by a greater naga (47 damage)
             ... with a poison arrow
             ... on level 4 of the Snake Pit on Dec 11, 2015.
             The game lasted 04:22:28 (39379 turns).

xeno23 the Black Belt (Human Monk)                 Turns: 39379, Time: 04:22:28

Health: -7/131     AC:  9    Str: 22    XL:     19   Next: 71%
Magic:  22/29      EV: 19    Int: 23    God:    Ru [******]
Gold:   565        SH:  0    Dex: 16    Spells: 8 memorised, 6 levels left

rFire  + . .     SeeInvis .       - Unarmed
rCold  . . .     Clarity  +     F - +2 leather armour {rF+}
rNeg   . . .     SustAt   .     (no shield)
rPois  .         Gourm    .     f - +2 helmet {Int+3}
rElec  .         Spirit   .     J - +1 cloak
rCorr  .         Dismiss  .     y - +0 pair of gloves "Sunaarol" {MR+}
rMut   .         Stasis   .     M - +0 pair of boots of Vanity {rC+ Str-2 Int+4}
MR     ++...                    N - amulet of regeneration
Stlth  +++.......               m - ring of Ycihug Seil {+Fly Str+8}
                                Y - +4 ring of intelligence

@: lethally poisoned (-7 -> -10), exhausted, about to teleport, very slightly
contaminated, constricted, very resistant to hostile enchantments, fairly
stealthy
A: repulsion field 1, clarity, clumsy 1, fire resistance 1, frail 1, low mp 1,
regeneration 1, subdued magic 1, hated by all, inability to train armour,
reduced AC 1, temperature sensitive
a: Draw Out Power, Power Leap, Apocalypse, Renounce Religion, Evoke Flight
}: 1/15 runes: decaying


You were on level 4 of the Snake Pit.
You worshipped Ru.
Ru was exalted by your worship.
You were not hungry.

You visited 6 branches of the dungeon, and saw 36 of its levels.
You also visited: Labyrinth, Sewer and Volcano.

You collected 3532 gold pieces.
You spent 2967 gold pieces at shops.

Inventory:

Hand Weapons
 O - a +2 hunting sling of chaos
Missiles
 g - 211 sling bullets
Armour
 f - a +2 helmet of intelligence (worn)
 y - the +0 pair of gloves "Sunaarol" (worn) {MR+}
   (You found it on level 2 of the Lair of Beasts)

   It affects your resistance to hostile enchantments.
 F - a +2 leather armour of fire resistance (worn)
 H - the +1 chain mail of the Hall of Blades {Int+9 Dex+4}
   (You acquired it on level 2 of the Snake Pit)

   It affects your intelligence (+9).
   It affects your dexterity (+4).
 J - a +1 cloak (worn)
 M - the +0 pair of boots of Vanity (worn) {rC+ Str-2 Int+4}
   (You found it in a labyrinth)

   It affects your strength (-2).
   It affects your intelligence (+4).
   It protects you from cold.
Rods
 q - a +3 rod of destruction (14/14)
   (You found it on level 8 of the Lair of Beasts)
Jewellery
 m - the ring of Ycihug Seil (right hand) {+Fly Str+8}
   (You found it on level 14 of the Dungeon)

   [ring of flight]

   It affects your strength (+8).
   It lets you fly.
 n - an uncursed ring of protection from fire
 N - an amulet of regeneration (around neck)
 Q - an uncursed ring of protection from cold
 Y - a +4 ring of intelligence (left hand)
Wands
 d - a wand of teleportation (4)
 l - a wand of digging (13)
 v - a wand of paralysis (6)
 z - a wand of invisibility (2)
 V - a wand of lightning (6)
Scrolls
 c - 6 scrolls of blinking
 e - 6 scrolls of amnesia
 i - 5 scrolls of fear
 j - 9 scrolls of teleportation
 o - 11 scrolls of magic mapping
 r - 8 scrolls of remove curse
 u - 9 scrolls of identify
 w - 3 scrolls of recharging
 x - 5 scrolls of enchant armour
 B - 4 scrolls of enchant weapon
 L - 6 scrolls of fog
 Z - 3 scrolls of vulnerability
Potions
 a - 6 potions of might
 h - 5 potions of brilliance
 k - 6 potions of haste
 p - 8 potions of agility
 s - 2 potions of heal wounds
 t - 12 potions of curing
 G - 4 potions of berserk rage
 I - 5 potions of resistance
 S - 5 potions of cancellation
 U - 5 potions of invisibility
 W - a potion of cure mutation
 X - 3 potions of magic
Books
 E - a book of Spatial Translocations

   Spells                             Type                      Level
   a - Apportation                    Translocation                1
   b - Blink                          Translocation                2
   c - Shroud of Golubria             Charms/Translocation         2
   d - Portal Projectile              Translocation                3
   e - Teleport Other                 Translocation                3
   f - Passage of Golubria            Translocation                4
 K - a book of Annihilations

   Spells                             Type                      Level
   a - Poison Arrow                   Conjuration/Poison           6
   b - Chain Lightning                Conjuration/Air              8
   c - Lehudib's Crystal Spear        Conjuration/Earth            8
   d - Glaciate                       Conjuration/Ice              9
   e - Fire Storm                     Conjuration/Fire             9
 P - a Fen Folio

   Spells                             Type                      Level
   a - Corpse Rot                     Necromancy                   2
   b - Stone Arrow                    Conjuration/Earth            3
   c - Leda's Liquefaction            Hexes/Earth                  4
   d - Summon Forest                  Summoning/Translocation      5
   e - Hydra Form                     Transmutation                6
   f - Summon Hydra                   Summoning                    7
 R - a book of Enchantments

   Spells                             Type                      Level
   a - Cause Fear                     Hexes                        4
   b - Yara's Violent Unravelling     Hexes/Transmutation          5
   c - Silence                        Hexes/Air                    5
   d - Deflect Missiles               Charms/Air                   6
   e - Haste                          Charms                       6
   f - Discord                        Hexes                        8
Comestibles
 b - 20 bread rations
 A - 10 meat rations
 D - 23 fruits


   Skills:
 + Level 11.9 Fighting
 + Level 11.9 Dodging
 - Level 7.0 Stealth
 * Level 16.7 Unarmed Combat
 * Level 9.8 Spellcasting
 * Level 8.2 Charms
 + Level 12.9 Transmutations
 + Level 2.8 Air Magic
 + Level 12.6 Earth Magic
 - Level 9.1 Evocations


You had 6 spell levels left.
You knew the following spells:

 Your Spells              Type           Power        Failure   Level  Hunger
a - Irradiate             Conj/Trmt      ####......   9%          5    ####...
b - Blink                 Tloc           N/A          5%          2    None
e - Apportation           Tloc           #.........   4%          1    None
h - Haste                 Chrm           ####....     24%         6    ######.
q - Statue Form           Trmt/Erth      #####....    3%          6    ######.
r - Deflect Missiles      Chrm/Air       ###.......   88%         6    ######.
s - Stoneskin             Trmt/Erth      #####...     0%          2    None
w - Stone Arrow           Conj/Erth      ####..       1%          3    None


Dungeon Overview and Level Annotations

Branches:
Dungeon (15/15)            Temple (1/1) D:7            Lair (8/8) D:11
  Swamp (4/4) Lair:4        Snake (4/4) Lair:3        Slime (0/6) Lair:6
    Orc (4/4) D:10            Elf (0/3) Orc:3        Vaults (0/5) D:13
 Depths (0/5) D:15

Altars:
Ashenzari
Cheibriados
Dithmenos
Elyvilon
Fedhas
Gozag
Kikubaaqudgha
Makhleb
Nemelex Xobeh
Okawaru
Pakellas
Qazlal
Ru
Sif Muna
Trog
Vehumet
Xom
Yredelemnul
Zin
The Shining One
Beogh

Shops:
D:4 :   D:5 *   D:9 [!!}}   D:10 (   D:12 **   D:13 *   D:14 (?[:   Orc:1 =
Orc:3 ?   Orc:4 (([%:   Snake:3 *


Innate Abilities, Weirdness & Mutations

Your magical capacity is low (-10% MP).
You are hated by all.
You cannot train Armour skill.
You take slightly more damage. (-3 AC)
You are sensitive to extremes of temperature (rF-, rC-).
You are surrounded by a mild repulsion field (EV +2).
You possess an exceptional clarity of mind.
You are clumsy. (Dex -2)
Your flesh is heat resistant.
You are frail (-10% HP).
Your natural rate of healing is unusually fast.
Your spells are a little easier to cast, but a little less powerful.


Message History

The naga ritualist spits poison at you. The splash of poison hits you!
You resist.
The greater naga casts a spell.
The greater naga seems to speed up.
The greater naga begins to cast a spell, but is stunned by your will!
You redirect the naga ritualist's attack!
The black mamba barely misses you.
A naga mage comes into view. It is wielding a spear.
You take 4 damage.
Drink which item? (? for menu, Esc to quit)
You feel much better.
You revert to your normal fleshy form.
The +0 pair of gloves "Sunaarol" {MR+} unmelds from your body.
The +0 pair of boots of Vanity {rC+ Str-2 Int+4} unmelds from your body.
Your +2 leather armour of fire resistance unmelds from your body.
You feel resistant to fire. The black mamba completely misses you.
The greater naga casts a spell at you. The poison arrow hits you!
You are poisoned.
You die...

#.####.................
#)#....................
##(............#.#......
##(..........###...###...........
#(.........##...... ##.........
#(....)..##........ ...##.......
#)....)(#........ .....#......
.......#.).N...#####.......#.....
......).)..N÷.()@SN)N......#.....
.......#)..?.))SNS.÷.......#.....
.......#.....÷))÷)?).))....#.....
#.......#))...).N.......N.#......
#.......#...(...........NN#......
##.......#...............#N......
#####....##...........##N.†...##
##.#######.N...#######.#### ### #
###


You could see 4 greater nagas, 2 naga ritualists, a mana viper, 2 black mambas
and a naga mage.

Vanquished Creatures
  Gastronok (D:8)
  2 thorn hunters (Swamp:3)
  Kirke (D:11)
  10 greater nagas
  An orc warlord (Orc:2)
  3 dire elephants (Lair:8)
  Snorg (Lair:7)
  A yaktaur captain (D:15)
  A minotaur (Lab)
  Erolcha (D:8)
  22 hydras
  11 naga warriors
  4 centaur warriors
  3 ghost crabs
  4 ogre magi (Orc:4)
  8 alligators
  4 anacondas
  Erica (D:8)
  Urug (D:14)
  15 death yaks
  7 naga sharpshooters
  6 shock serpents
  Nergalle (Lair:2)
  A deep elf knight (Volcano)
  2 spriggan druids (Swamp:4)
  4 unseen horrors
  2 salamander mystics
  8 swamp dragons
  A hornet (Swamp:4)
  4 naga ritualists
  Pikel (D:5)
  3 oklob plants (Lair:6)
  10 mana vipers
  A deep troll (D:13)
  2 orc sorcerers
  5 hill giants
  A statue (Volcano)
  4 griffons
  3 cyclopes
  4 lindwurms (Lair:2)
  A wizard (D:13)
  4 orc knights
  4 salamanders
  9 ugly things
  25 elephants
  Joseph (D:7)
  18 spiny frogs
  2 gargoyles (D:12)
  27 black mambas
  29 naga magi
  15 guardian serpents
  6 fire drakes
  A yaktaur (D:15)
  11 komodo dragons
  2 deep elf priests
  11 trolls
  3 giant leeches (Swamp:2)
  2 efreet
  17 slime creatures
  14 two-headed ogres
  5 bog bodies
  Grinder (D:4)
  17 blink frogs
  A hornet zombie (D:13)
  A trapdoor spider (D:14)
  2 wraiths
  37 yaks
  A hill giant zombie (D:10)
  A spriggan (Swamp:4)
  A deep elf fighter (Volcano)
  A human (D:11)
  2 wyverns (D:12)
  6 basilisks
  16 hippogriffs
  6 hogs (D:12)
  Eustachio (D:4)
  A steam dragon (Lair:2)
  6 shadows
  A golden eye (shapeshifter) (D:14)
  4 wolves (Lair:2)
  A deep elf mage (D:14)
  4 wargs
  45 nagas
  32 swamp worms
  A hungry ghost (D:9)
  17 vampire mosquitoes
  3 mottled dragons
  3 soldier ants (D:14)
  3 ice beasts
  24 orc warriors
  A slave (D:4)
  24 water moccasins
  A porcupine (shapeshifter) (D:13)
  4 sky beasts
  5 phantoms
  15 porcupines
  A wasp (D:4)
  14 swamp drakes
  An eye of draining (D:13)
  7 necrophages
  37 ogres
  19 crocodiles
  15 centaurs
  13 giant frogs
  2 wyvern skeletons
  A wyvern zombie (D:15)
  4 big kobolds
  3 scorpions
  13 killer bees
  A troll zombie (D:10)
  2 electric eels
  A spriggan skeleton (Lab)
  3 wights (D:6)
  7 crimson imps
  21 orc wizards
  A wasp zombie (D:12)
  8 hounds
  5 lava snakes (Volcano)
  2 quasits
  5 centaur zombies
  4 centaur skeletons
  9 worker ants
  2 giant frog zombies
  3 jellies
  13 orc priests
  2 giant frog skeletons
  Ijyb (D:2)
  15 iguanas
  34 sheep
  2 ogre skeletons (Lab)
  6 ogre zombies (D:10)
  4 gnolls
  A worker ant zombie (D:11)
  47 river rats
  11 adders
  2 shadow imps
  An ooze (D:1)
  4 adder skeletons
  2 adder zombies
  2 worms
  161 orcs
  3 ball pythons
  6 bats
  4 giant cockroaches
  9 hobgoblins
  22 kobolds
  8 giant geckos
  A giant gecko skeleton (D:7)
  10 giant newts
  7 goblins
  2 goblin skeletons (D:10)
  4 goblin zombies (D:10)
  3 hobgoblin skeletons (D:10)
  4 hobgoblin zombies (D:10)
  9 jackals
  A jackal zombie (D:6)
  12 orc zombies (D:10)
  7 quokkas
  A quokka skeleton (D:4)
  8 rats
  2 bushes (Lair:7)
  4 fungi
  24 plants
1324 creatures vanquished.

Vanquished Creatures (others)
  2 greater nagas (Snake:4)
  A naga warrior (Snake:1)
  4 hydras
  A naga sharpshooter (Snake:4)
  2 shock serpents
  A shambling mangrove (Swamp:4)
  A hill giant (D:12)
  A salamander (Snake:1)
  A slime creature (D:15)
  A hornet (Swamp:4)
  A black mamba (Snake:3)
  A naga mage (Snake:1)
  2 spiny frogs
  A troll (D:12)
  A two-headed ogre (Orc:4)
  A minotaur skeleton (Lab)
  A spriggan (Swamp:4)
  A vampire mosquito (Swamp:4)
  3 nagas
  A yak (D:11)
  A water moccasin (Lair:8)
  An orc warrior (D:15)
  A slave (D:5)
  A swamp drake (Swamp:4)
  2 ogres (Orc:4)
  An ice beast (D:9)
  A centaur (D:13)
  A lava snake (Volcano)
  A worker ant (D:8)
  A sheep (D:11)
  An adder (D:5)
  A shadow imp (D:5)
  An adder skeleton (D:5)
  2 orcs
  4 briar patches (Swamp:3)
  29 fungi
  18 plants
95 creatures vanquished.

Grand Total: 1419 creatures vanquished

Notes
Turn   | Place    | Note
--------------------------------------------------------------
     0 | D:1      | xeno23 the Human Monk began the quest for the Orb.
     0 | D:1      | Reached XP level 1. HP: 18/18 MP: 1/1
    51 | D:1      | Reached XP level 2. HP: 22/24 MP: 2/2
   712 | D:2      | Reached XP level 3. HP: 27/29 MP: 3/3
   977 | D:2      | Noticed Ijyb
  1003 | D:2      | Killed Ijyb
  1003 | D:2      | Reached XP level 4. HP: 28/35 MP: 4/4
  1504 | D:3      | Found a shattered altar of Ashenzari.
  1514 | D:3      | Reached skill level 5 in Unarmed Combat
  1607 | D:3      | Found a glowing drain.
  1626 | Sewer    | Entered a sewer
  1708 | Sewer    | Reached XP level 5. HP: 40/42 MP: 5/5
  2777 | D:4      | Reached XP level 6. HP: 32/48 MP: 6/6
  2905 | D:4      | Reached skill level 6 in Unarmed Combat
  3405 | D:4      | Reached XP level 7. HP: 35/55 MP: 7/7
  3463 | D:4      | Noticed Grinder
  3483 | D:4      | Killed Grinder
  3731 | D:4      | Found Caunnefu's Book Emporium.
  3743 | D:4      | Reached skill level 7 in Unarmed Combat
  4167 | D:5      | Entered Level 5 of the Dungeon
  4167 | D:5      | Noticed Eustachio
  4197 | D:4      | Killed Eustachio
  4197 | D:4      | Reached skill level 5 in Fighting
  4197 | D:4      | Reached skill level 1 in Evocations
  4197 | D:4      | Reached XP level 8. HP: 56/62 MP: 8/8
  4270 | D:5      | Reached skill level 5 in Dodging
  4296 | D:5      | Found Aneogih's Assorted Antiques.
  4324 | D:5      | Noticed Pikel
  4339 | D:5      | fuck distortion
  4345 | D:5      | *dismissal
  4440 | D:5      | Killed Pikel
  4440 | D:5      | Reached skill level 8 in Unarmed Combat
  4448 | D:5      | Bought a lumpy pink potion for 22 gold pieces
  4448 | D:5      | Bought a scroll labeled WYGHEGYMAUB for 25 gold pieces
  4448 | D:5      | Bought a scroll labeled ZEYMY SYNEMIUWN for 25 gold pieces
  4448 | D:5      | Bought a scroll labeled WYGHEGYMAUB for 25 gold pieces
  4448 | D:5      | Bought a viscous inky potion for 22 gold pieces
  4448 | D:5      | Bought a scroll labeled VECUCR NIMUE for 25 gold pieces
  4546 | D:5      | Reached XP level 9. HP: 42/68 MP: 10/10
  4713 | D:5      | Found a burning altar of Makhleb.
  4722 | D:5      | Found a deep blue altar of Sif Muna.
  4722 | D:5      | Found a blossoming altar of Fedhas.
  4723 | D:5      | Found a stormy altar of Qazlal.
  4723 | D:5      | Found a sacrificial altar of Ru.
  4726 | D:5      | Found a glowing silver altar of Zin.
  4726 | D:5      | Found a basalt altar of Yredelemnul.
  4727 | D:5      | Found a bloodstained altar of Trog.
  5657 | D:6      | Got a brightly glowing short sword
  5658 | D:6      | Identified the +8 short sword of Zarorrupn {pierce, Stlth+} (You found it on level 6 of the Dungeon)
  5931 | D:7      | Reached skill level 9 in Unarmed Combat
  5933 | D:7      | Found an ancient bone altar of Kikubaaqudgha.
  5944 | D:7      | Found a staircase to the Ecumenical Temple.
  5974 | Temple   | Entered the Ecumenical Temple
  6217 | D:5      | Became a worshipper of Ru the Awakened
  6221 | D:5      | Gained mutation: You are sensitive to extremes of temperature (rF-, rC-). [Ru sacrifice]
  6221 | D:5      | Reached * piety under Ru
  6221 | D:5      | Reached ** piety under Ru
  6221 | D:5      | Reached *** piety under Ru
  6292 | D:7      | Noticed Joseph
  6359 | D:7      | Killed Joseph
  6429 | D:7      | Found a white marble altar of Elyvilon.
  6529 | D:7      | Reached skill level 5 in Stealth
  6529 | D:7      | Reached XP level 10. HP: 57/77 MP: 12/12
  6822 | D:7      | Identified the Catalogue of Attacks
  7106 | D:8      | Found a shimmering altar of Xom.
  7107 | D:8      | Found a shimmering altar of Xom.
  7107 | D:8      | Found a shimmering altar of Xom.
  7147 | D:8      | Noticed Gastronok
  7228 | D:8      | Killed Gastronok
  7228 | D:8      | Reached skill level 10 in Unarmed Combat
  7228 | D:8      | Reached skill level 5 in Evocations
  7439 | D:8      | Noticed Erica
  7489 | D:8      | Killed Erica
  7489 | D:8      | Reached XP level 11. HP: 25/84 MP: 13/15
  7613 | D:8      | Noticed Erolcha
  7650 | D:8      | 14% banishment
  7650 | D:8      | kek
  7668 | D:8      | Killed Erolcha
  7668 | D:8      | Reached skill level 11 in Unarmed Combat
  7996 | D:8      | Gained mutation: You are hated by all. [Ru sacrifice]
  7996 | D:8      | Reached **** piety under Ru
  8242 | D:9      | Found Sewamokh's Gadget Emporium.
  8273 | D:9      | Found Qeriph's Antique Armour Emporium.
  8280 | D:9      | Bought a pair of glowing gloves for 130 gold pieces
  8358 | D:9      | Found Caewyuc's Distillery.
  8419 | D:9      | Bought a potion of heal wounds for 70 gold pieces
  8455 | D:9      | Found Feetutaa's Distillery.
  8462 | D:9      | Bought a potion of curing for 48 gold pieces
  8647 | D:9      | Found a shadowy altar of Dithmenos.
  8777 | D:9      | Found an opulent altar of Gozag.
  8832 | D:9      | Found an oddly glowing altar of Pakellas.
  8832 | D:9      | Found Pakellas's Prime Provisions.
  9116 | D:10     | Entered Level 10 of the Dungeon
  9140 | D:10     | Found Someriel's Weapon Boutique.
  9192 | D:10     | Found a staircase to the Orcish Mines.
  9979 | D:10     | Killed an unseen horror
 10285 | D:10     | Noticed a hill giant
 10316 | D:10     | Killed a hill giant
 10316 | D:10     | Reached skill level 12 in Unarmed Combat
 10356 | D:10     | Gained mutation: You cannot train Armour skill. [Ru sacrifice]
 10356 | D:10     | Reached ***** piety under Ru
 10427 | D:10     | Noticed an unseen horror
 10430 | D:10     | finally, thx ru
 10464 | D:10     | Killed an unseen horror
 10464 | D:10     | Reached XP level 12. HP: 22/94 MP: 17/17
 11041 | D:11     | Found a labyrinth entrance.
 11065 | Lab      | Entered a labyrinth
 11066 | Lab      | Upgraded the game from 0.18-a0-739-gdae9da8 to 0.18-a0-750-g37044d6
 11323 | Lab      | Noticed a minotaur
 11359 | Lab      | Killed a minotaur
 11412 | Lab      | Identified a -3 rod of ignition (9/9) (You took it off a minotaur in a labyrinth)
 11428 | Lab      | Identified Sif Muna's Tome of Earthen Enhancements
 11431 | Lab      | Got a pitted blowgun
 11431 | Lab      | Got a pair of jewelled boots
 11443 | Lab      | Identified the cursed +0 pair of boots of Vanity {rC+ Str-2 Int+4} (You found it in a labyrinth)
 11443 | Lab      | Identified the +1 blowgun of Destiny {speed, *Contam rC+ rN+} (You found it in a labyrinth)
 11501 | Lab      | Gained mutation: You are frail (-10% HP). [mutagenic glow]
 11558 | D:11     | Learned a level 2 spell: Stoneskin
 11587 | D:11     | Learned a level 5 spell: Irradiate
 12144 | D:11     | Reached skill level 1 in Transmutations
 12165 | D:11     | Reached skill level 1 in Earth Magic
 12311 | D:11     | Found a staircase to the Lair.
 12639 | D:11     | Reached skill level 1 in Spellcasting
 13002 | D:12     | Noticed Kirke
 13003 | D:12     | Reached skill level 13 in Unarmed Combat
 13025 | D:11     | Killed Kirke
 13025 | D:11     | Reached XP level 13. HP: 55/90 MP: 12/19
 13581 | D:12     | Got a crystal rapier
 13582 | D:12     | Identified the +8 rapier of Conformity {flame, +Blink rC+} (You found it on level 12 of the Dungeon)
 13649 | D:12     | Identified a scroll of acquirement
 13742 | D:12     | Found Mytsea's General Store.
 13770 | D:12     | Bought a potion of resistance for 150 gold pieces
 13770 | D:12     | Bought a scroll of random uselessness for 15 gold pieces
 13782 | D:12     | Found Pagru's General Store.
 13977 | D:12     | Bought a scroll of identify for 28 gold pieces
 14338 | Lair:1   | Entered Level 1 of the Lair of Beasts
 15440 | Lair:2   | Noticed Nergalle
 15527 | Lair:2   | Killed Nergalle
 16580 | Lair:2   | Reached skill level 5 in Earth Magic
 17152 | Lair:2   | Reached skill level 5 in Transmutations
 17304 | Lair:3   | Reached XP level 14. HP: 38/98 MP: 20/20
 17328 | Lair:3   | Got a clouded tin amulet
 17623 | Lair:3   | Found a staircase to the Snake Pit.
 18592 | Lair:3   | Gained mutation: Your magical capacity is low (-10% MP). [Ru sacrifice]
 18881 | Lair:4   | Reached skill level 10 in Dodging
 19313 | Lair:4   | Found a staircase to the Swamp.
 19920 | Lair:4   | Reached skill level 10 in Fighting
 20492 | Lair:1   | Learned a level 6 spell: Statue Form
 20496 | Lair:1   | Learned a level 3 spell: Stone Arrow
 20578 | D:9      | Bought a potion of flight for 42 gold pieces
 20578 | D:9      | Bought a potion of curing for 42 gold pieces
 20690 | D:9      | Bought a potion of haste for 160 gold pieces
 20748 | D:9      | Bought a glowing leather armour for 58 gold pieces
 20967 | Lair:2   | Got a smoking mace
 20968 | Lair:2   | Identified the +8 mace "Seurhask" {flame, *Noise rElec rC++ Int+4} (You found it on level 2 of the Lair of Beasts)
 20971 | Lair:2   | Got a pair of ichor-stained gloves
 20982 | Lair:2   | Identified the +0 pair of gloves "Sunaarol" {MR+} (You found it on level 2 of the Lair of Beasts)
 21144 | Lair:5   | Reached skill level 14 in Unarmed Combat
 21346 | Lair:5   | Learned a level 1 spell: Apportation
 22107 | Lair:6   | Gained mutation: You take slightly more damage. (-3 AC) [Ru sacrifice]
 22107 | Lair:6   | Reached ****** piety under Ru
 22213 | Lair:6   | Found a staircase to the Slime Pits.
 22297 | Lair:6   | Got a faintly humming scale mail
 22308 | Lair:6   | Identified the +5 scale mail of the Ten Cities {*Confuse rPois rCorr} (You found it on level 6 of the Lair of Beasts)
 22668 | Lair:6   | Reached skill level 5 in Spellcasting
 22668 | Lair:6   | Reached XP level 15. HP: 103/103 MP: 13/20
 23325 | Lair:7   | Noticed Snorg
 23359 | Lair:7   | Killed Snorg
 24640 | Lair:8   | Entered Level 8 of the Lair of Beasts
 24755 | Lair:8   | Found a dark tunnel.
 24785 | Volcano  | Entered a volcano
 25238 | Volcano  | Found a burning altar of Makhleb.
 25837 | Lair:8   | Reached skill level 15 in Unarmed Combat
 25891 | Lair:8   | Identified a +0 rod of destruction (14/14) (You found it on level 8 of the Lair of Beasts)
 26662 | Lair:8   | Reached XP level 16. HP: 110/110 MP: 21/21
 26724 | Lair:8   | Identified a +3 rod of destruction (14/14) (You found it on level 8 of the Lair of Beasts)
 27150 | Lair:8   | Identified Menedef's Grimoire of Confrontation
 27408 | Lair:1   | Gained mutation: Your flesh is heat resistant. [potion of mutation]
 27408 | Lair:1   | Gained mutation: You are clumsy. (Dex -2) [potion of mutation]
 27408 | Lair:1   | Gained mutation: Your natural rate of healing is unusually fast. [potion of mutation]
 27416 | Lair:1   | Gained mutation: You are surrounded by a mild repulsion field (EV +2). [potion of mutation]
 27416 | Lair:1   | Gained mutation: You possess an exceptional clarity of mind. [potion of mutation]
 27417 | Lair:1   | Lost mutation: You are frail (-10% HP). [potion of mutation]
 27417 | Lair:1   | Gained mutation: You are frail (-10% HP). [potion of mutation]
 27417 | Lair:1   | Gained mutation: Your spells are a little easier to cast, but a little less powerful. [potion of mutation]
 27440 | Lair:1   | Identified the amulet "Ryolut" {Spirit rPois rN++ Dex-3} (You found it on level 3 of the Lair of Beasts)
 27571 | D:9      | Bought a shiny helmet for 130 gold pieces
 27619 | D:9      | Bought a potion of agility for 56 gold pieces
 27619 | D:9      | Bought a potion of brilliance for 56 gold pieces
 27619 | D:9      | Bought a potion of might for 56 gold pieces
 27642 | D:9      | Bought a potion of magic for 128 gold pieces
 28042 | D:13     | Reached skill level 10 in Transmutations
 28406 | D:13     | Found a gate to the Vaults.
 28720 | D:13     | Found Umnoxutu's Assorted Antiques.
 28855 | D:14     | Got a steaming bronze ring
 28857 | D:14     | Identified the ring of Ycihug Seil {+Fly Str+8} (You found it on level 14 of the Dungeon)
 28895 | D:14     | Found Usexo's Book Boutique.
 28963 | D:14     | Reached skill level 10 in Earth Magic
 28991 | D:14     | Found Faydy's Magic Scroll Shoppe.
 29056 | D:14     | Found Kelou's Antique Weapon Emporium.
 29097 | D:14     | Noticed Urug
 29104 | D:14     | Killed Urug
 29333 | D:14     | Found Jousseuv's Armour Emporium.
 29749 | D:15     | Entered Level 15 of the Dungeon
 29849 | D:15     | Found a shadowy altar of Dithmenos.
 30032 | D:15     | Found a staircase to the Depths.
 30814 | Orc:1    | Entered Level 1 of the Orcish Mines
 30873 | Orc:1    | Found Zughisk's Jewellery Shoppe.
 31180 | Orc:3    | Found Taken's Magic Scroll Shop.
 31248 | Orc:3    | Bought a scroll of blinking for 97 gold pieces
 31248 | Orc:3    | Bought a scroll of blinking for 97 gold pieces
 31248 | Orc:3    | Bought 2 scrolls of blinking for 195 gold pieces
 31305 | Orc:3    | Found a staircase to the Elven Halls.
 31950 | Orc:1    | Found a roughly hewn altar of Beogh.
 32529 | Orc:4    | Entered Level 4 of the Orcish Mines
 32811 | Orc:4    | Found Jozesk's Antique Weapon Shoppe.
 32836 | Orc:4    | Found Geusiug's Armour Shoppe.
 32836 | Orc:4    | Found Qyakamn's Book Boutique.
 32836 | Orc:4    | Found Plog's Antique Weapon Shop.
 32836 | Orc:4    | Found Xahainycs's Food Shoppe.
 32838 | Orc:4    | Reached XP level 17. HP: 111/117 MP: 21/23
 33230 | D:14     | Bought a scroll of acquirement for 832 gold pieces
 33230 | D:14     | Bought a scroll of teleportation for 48 gold pieces
 33230 | D:14     | Bought a scroll of fog for 32 gold pieces
 33230 | D:14     | Bought a scroll of teleportation for 48 gold pieces
 33302 | D:14     | Bought a scroll of identify for 32 gold pieces
 33302 | D:14     | Bought a scroll of identify for 32 gold pieces
 33302 | D:14     | Bought a scroll of identify for 32 gold pieces
 33302 | D:14     | Bought a scroll of identify for 32 gold pieces
 33377 | D:12     | Bought a potion of curing for 45 gold pieces
 33377 | D:12     | Bought a scroll of blinking for 112 gold pieces
 33522 | Lair:1   | Learned a level 6 spell: Haste
 33683 | Swamp:1  | Entered Level 1 of the Swamp
 33703 | Swamp:1  | Learned a level 2 spell: Blink
 34047 | Swamp:1  | Reached skill level 1 in Charms
 35620 | Swamp:4  | Entered Level 4 of the Swamp
 35937 | Swamp:4  | Reached XP level 18. HP: 119/124 MP: 18/26
 36046 | Swamp:4  | Reached skill level 5 in Charms
 36166 | Swamp:4  | Got a decaying rune of Zot
 36591 | Snake:1  | Entered Level 1 of the Snake Pit
 37219 | Snake:2  | Reached skill level 16 in Unarmed Combat
 37296 | Snake:2  | Got a distressingly furry chain mail
 37297 | Snake:2  | Identified the +1 chain mail of the Hall of Blades {Int+9 Dex+4} (You acquired it on level 2 of the Snake Pit)
 37314 | Snake:2  | Learned a level 6 spell: Deflect Missiles
 38297 | Snake:3  | Found Ixkolaqu's General Store.
 38323 | Snake:3  | Bought a scroll of identify for 20 gold pieces
 38420 | Snake:3  | Reached XP level 19. HP: 130/130 MP: 27/28
 39169 | Snake:4  | Entered Level 4 of the Snake Pit
 39179 | Snake:4  | Reached skill level 1 in Air Magic
 39379 | Snake:4  | Killed from afar by a greater naga

Vault maps used:
D:1:      matt_arrival_debris
D:2:      uniq_iyjb
D:3:      lemuel_round_altar, first_bread, portal_sewer_entry_d
D:4:      serial_shops, shop, minmay_misc_feat_four_crosses, uniq_grinder
D:5:      grunt_temple_overflow_open, serial_shops,
          nicolae_shop_window_shopping, minmay_misc_feat_rows, uniq_pikel,
          uniq_eustachio
D:7:      lemuel_round_altar, kennysheep_mini_moat, grunt_ministairs_14,
          uniq_joseph
D:8:      xom_redecorated, grunt_pizzeria, uniq_gastronok, uniq_erica,
          uniq_erolcha
D:9:      johnstein_pakellas_shop, nicolae_overflow_hidden_temple, serial_shops,
          shop, nicolae_shop_statue_plus,
          nicolae_shop_competitors_out_of_business, nicolae_shop_crystal,
          david_defended_altar_elf
D:10:     zombieorc2_lemuel, serial_shops, nicolae_shop_crystal,
          hangedman_glass_teeth
D:11:     lair_0_dummy, lab_entry_generic
D:12:     serial_shops, shop, shop, uniq_kirke
D:13:     david_vaults_4, serial_shops, shop
D:14:     roderic_cross_of_infinity, serial_shops, kennysheep_mini, shop,
          nicolae_shop_waterfront, nicolae_shop_temple_entry_statues_fountains,
          uniq_urug
D:15:     grunt_enter_depths_snipers, basic_altar
Temple:   hc_temple_tempest_star_small
Lair:2:   minmay_lindwurm_lava, lemuel_fruit_tree, uniq_nergalle
Lair:3:   minmay_snake_entry_guardpost_medium
Lair:4:   nicolae_swamp_entry_splash_gauntlet, grunt_megastairs_4
Lair:6:   minmay_slime_entry_oklob_open, roderic_carrion_pond,
          grunt_megastairs_2, serial_bayou_shore_b
Lair:7:   grunt_megastairs_5, infiniplex_staircase_pool_2, uniq_snorg
Lair:8:   due_jungle_book, nicolae_volcano_entry_two_sided,
          serial_bayou_lagoon_a, serial_bayou_shore_a
Swamp:1:  evilmike_swamp_ruin_rubble_1, infiniplex_staircase_pool
Swamp:2:  evilmike_swamp_ruin_house_1, swamp_pool1
Swamp:3:  hangedman_swamp_ruin_wall
Swamp:4:  swamp, swamp_pool1
Snake:1:  kennysheep_six_static_rooms
Snake:3:  serial_shops, shop
Snake:4:  snake_hunt, st_stairs_11
Orc:1:    serial_shops, shop, lemuel_statue_altar
Orc:3:    serial_shops, shop, nicolae_orc_pool_cavern
Orc:4:    st_orc_ogre_mass, serial_shops, shop_statue
Lab:      labyrinth_mini_lab, nicolae_lab_plus, nicolae_lab_grate_2, lab_block
Sewer:    sewer_co_cracked_pipes
Volcano:  volcano_grotto

Action                   |  1- 3 |  4- 6 |  7- 9 | 10-12 | 13-15 | 16-18 | 19-21 || total
-------------------------+-------+-------+-------+-------+-------+-------+-------++-------
Melee: Unarmed           |    87 |   268 |   258 |   805 |  1517 |  1412 |   142 ||  4489
       Rod               |       |       |       |       |       |     2 |       ||     2
 Fire: Blowgun           |       |     5 |    24 |    73 |    33 |       |       ||   135
       Hunting sling     |       |       |    10 |    24 |   153 |    28 |       ||   215
 Cast: Stoneskin         |       |       |       |       |     9 |    24 |     4 ||    37
       Stone Arrow       |       |       |       |       |    16 |     5 |       ||    21
       Statue Form       |       |       |       |       |       |    49 |     6 ||    55
       Irradiate         |       |       |       |       |       |     5 |     2 ||     7
Invok: Sacrifice Resista |       |       |     1 |       |       |       |       ||     1
       Draw Out Power    |       |       |       |     1 |     1 |       |     1 ||     3
       Power Leap        |       |       |       |    15 |    26 |    17 |     3 ||    61
       Sacrifice Love    |       |       |       |     1 |       |       |       ||     1
       Sacrifice Durabil |       |       |       |     1 |       |       |       ||     1
       Apocalypse        |       |       |       |     3 |     9 |     4 |     1 ||    17
       Reject Sacrifices |       |       |       |       |     1 |       |       ||     1
       Sacrifice Essence |       |       |       |       |     1 |       |       ||     1
       Sacrifice Health  |       |       |       |       |     1 |       |       ||     1
Evoke: Wand              |       |       |     3 |     1 |    11 |     5 |     2 ||    22
       Rod               |       |       |       |       |     8 |    27 |       ||    35
  Use: Scroll            |       |     3 |    10 |     7 |    11 |    13 |     2 ||    46
       Potion            |       |       |       |     4 |     1 |     4 |     3 ||    12
 Stab: Sleeping          |     4 |    12 |     9 |    21 |    24 |     9 |       ||    79
       Paralysed         |       |       |     6 |       |    44 |    32 |     2 ||    84
       Distracted        |       |       |     1 |    10 |     9 |    17 |       ||    37
       Invisible         |       |       |       |    10 |    15 |    23 |     1 ||    49
  Eat: Chunk             |       |     8 |    10 |    17 |    36 |    50 |       ||   121
       Beef jerky        |       |       |       |     2 |     1 |     1 |     3 ||     7
       Royal jelly       |       |       |       |     1 |       |     2 |       ||     3
       Pizza             |       |       |       |       |     7 |     8 |       ||    15
       Meat ration       |       |       |       |       |       |       |     1 ||     1
